 Dungeon Crawl Stone Soup version 0.19.5 (webtiles) character file.

324 Inarius the Shield-Bearer (level 6, -3/52 HPs)
             Began as a Minotaur Fighter on Apr 10, 2017.
             Was an Initiate of Ashenzari.
             Killed by divine providence
             ... invoked by an orc priest
              (8 damage)
             ... on level 4 of the Dungeon.
             The game lasted 00:17:04 (4513 turns).

Inarius the Shield-Bearer (Minotaur Fighter)        Turns: 4513, Time: 00:17:04

Health: -3/52      AC: 10    Str: 26    XL:     6   Next: 23%
Magic:  5/5        EV: 12    Int:  5    God:    Ashenzari [......]
Gold:   87         SH: 16    Dex: 16    Spells: 0 memorised, 5 levels left

rFire  . . .     SeeInvis .     a - +0 war axe
rCold  . . .     Gourm    .     b - +0 scale mail
rNeg   . . .     Faith    .     w - +0 large shield
rPois  .         Spirit   .     (helmet restricted)
rElec  .         Reflect  .     (no cloak)
rCorr  .         Harm     .     (no gloves)
MR     .....                    s - +2 pair of boots
Stlth  +.........               e - amulet of inaccuracy (curse)
                                (no ring)
                                (no ring)

@: mighty, agile
A: retaliatory headbutt, horns 2
a: Curse Item, Renounce Religion


You were on level 4 of the Dungeon.
You worshipped Ashenzari.
Ashenzari was noncommittal.
You were not hungry.

You visited 1 branch of the dungeon, and saw 4 of its levels.

You collected 87 gold pieces.

Inventory:

Hand Weapons
 a - a +0 war axe (weapon)
Armour
 b - a +0 scale mail (worn)
 s - a +2 pair of boots (worn)
 w - a +0 large shield (worn)
Jewellery
 e - a cursed amulet of inaccuracy (around neck)
Scrolls
 h - a scroll of recharging
 l - 2 scrolls of magic mapping
 p - a scroll of enchant weapon
 t - 2 scrolls of amnesia {unknown}
Potions
 g - a potion of cure mutation {unknown}
 i - 2 potions of agility
 j - 4 potions of curing {unknown}
 m - a potion of heal wounds {unknown}
 o - a potion of beneficial mutation {unknown}
 q - 2 potions of mutation {unknown}
Comestibles
 f - 3 bread rations
 k - 4 fruits
 n - a meat ration
 r - 2 beef jerkies
 v - a royal jelly


   Skills:
 + Level 4.2 Fighting
 + Level 4.7 Axes
 + Level 4.6 Armour
 + Level 2.3 Dodging
 + Level 0.1 Stealth
 + Level 5.6 Shields


You had 5 spell levels left.
You didn't know any spells.

Dungeon Overview and Level Annotations

Branches:
Dungeon (4/15)
 Temple: D:4-7

Altars:
Ashenzari
Dithmenos
Fedhas
Gozag
Qazlal
Xom
Yredelemnul


Innate Abilities, Weirdness & Mutations

You reflexively headbutt those who attack you in melee.
You have a pair of horns on your head.


Message History

You block the orc priest's attack. The scorpion barely misses you.
You miss the scorpion.
The scorpion is moderately wounded.
You hit the orc priest.
The orc priest hits you but does no damage.
The scorpion stings you.
* * * LOW HITPOINT WARNING * * *
You barely miss the scorpion. Your headbutt misses the scorpion.
The scorpion is moderately wounded.
You hit the orc priest. You block the orc priest's attack.
You block the scorpion's attack.
The orc priest hits you with a short sword.
* * * LOW HITPOINT WARNING * * *
The scorpion stings you.
* * * LOW HITPOINT WARNING * * *
It was a potion of agility.
You feel agile all of a sudden.
The orc priest invokes the aid of Beogh against you.
Beogh smites you!
You die...

######....#..#####..........
#....#....olo...####.##
#....#.#######<.####.#
#..(Z#.# #....##.# #..o...#
#.##.##.## ##.(.###
#.##.##... #####..(#
#........# ####......Z###
###...##.# #....[....cs@#
#....... #.##.#..##.#o####
#...##.# #.##.#......5...#
######.# #.##.#..##...##.#
#.. ###.##.#..##...##.# ###
#..............##.#
#.#.###.#.#.#.###.#
#.......#.#.#.# #.#
#....##.#.....# #.#


You could see a centaur, a scorpion, an orc priest, a crimson imp and a jackal
skeleton.

Vanquished Creatures
  An orc priest (D:4)
  2 orc wizards (D:3)
  An iguana (D:3)
  A worker ant (D:4)
  3 gnolls (D:3)
  4 adders
  6 worms
  A dart slug (D:2)
  2 leopard geckos (D:3)
  15 orcs
  A ball python (D:3)
  5 giant cockroaches
  5 goblins
  9 hobgoblins
  5 jackals (D:1)
  2 quokkas
  9 bats
  9 frilled lizards
  13 kobolds
  5 rats
99 creatures vanquished.

Notes
Turn   | Place    | Note
-------+----------+-------------------------------------------
     0 | D:1      | Inarius the Minotaur Fighter began the quest for the Orb.
     0 | D:1      | Reached XP level 1. HP: 19/19 MP: 0/0
    60 | D:1      | Reached XP level 2. HP: 26/26 MP: 1/1
   421 | D:1      | Reached skill level 4 in Shields
   808 | D:1      | Reached XP level 3. HP: 33/33 MP: 2/2
   988 | D:2      | Reached skill level 1 in Dodging
  1250 | D:2      | Found a shimmering altar of Xom.
  1341 | D:2      | Found an opulent altar of Gozag.
  1341 | D:2      | Found a stormy altar of Qazlal.
  1341 | D:2      | Found a basalt altar of Yredelemnul.
  1341 | D:2      | Found a blossoming altar of Fedhas.
  1347 | D:2      | Found a shimmering altar of Xom.
  1347 | D:2      | Found a shadowy altar of Dithmenos.
  1452 | D:2      | Reached XP level 4. HP: 32/40 MP: 3/3
  1520 | D:2      | Found a shattered altar of Ashenzari.
  1535 | D:2      | Became a worshipper of Ashenzari the Shackled
  1964 | D:3      | Reached XP level 5. HP: 26/46 MP: 4/4
  2171 | D:3      | Reached skill level 5 in Shields
  3553 | D:3      | Reached XP level 6. HP: 4/52 MP: 5/5
  4513 | D:4      | Killed from afar by an orc priest

Skill      XL: |  1  2  3  4  5 |
---------------+----------------+-----
Shields        | 4 5 |  5.6
Armour         | 4 |  4.6
Dodging        | 1 2 |  2.3
Axes           | 3 4 |  4.7
Fighting       | 4 |  4.2
Stealth        | |  0.1

Action                   |  1- 3 |  4- 6 || total
-------------------------+-------+-------++-------
Melee: War axe           |   177 |   244 ||   421
       Headbutt          |    18 |    23 ||    41
  Use: Scroll            |     6 |     1 ||     7
       Potion            |       |     3 ||     3
  Eat: Chunk             |     2 |    10 ||    12
Armor: Scale mail        |    93 |    89 ||   182
Dodge: Dodged            |    62 |    89 ||   151
Block: Shield            |   129 |   131 ||   260
       Large shield      |       |    38 ||    38
